 Dungeon Crawl Stone Soup version 0.30-a0-719-gcc4359ea44 (webtiles) character file.

Game seed: 4341303700042719964

25 Mitcholas the Shooter (level 2, -9/24 HPs)
             Began as a Draconian Hunter on Jan 26, 2023.
             Mangled by a gnoll
             ... wielding a +0 flail
              (10 damage)
             ... on level 2 of the Dungeon.
             The game lasted 00:01:24 (665 turns).

Mitcholas the Shooter (Draconian Hunter)             Turns: 665, Time: 00:01:25

Health: -9/24      AC:  4    Str: 13    XL:     2   Next: 82%
Magic:  2/2        EV:  9    Int:  9    God:
Gold:   75         SH:  0    Dex: 14    Spells: 1/1 levels left

rFire   . . .      SeeInvis .    a - +0 shortbow
rCold   . . .      Faith    .    (shield currently unavailable)
rNeg    . . .      Spirit   .    (body armour unavailable)
rPois   .          Reflect  .    (helmet restricted)
rElec   .          Harm     .    (no cloak)
rCorr   .          Rampage  .    (no gloves)
Will    .....                    (no boots)
Stlth   ++                       (no amulet)
HPRegen 0.24/turn                (no ring)
MPRegen 0.08/turn                (no ring)

@: constricted
A: AC +4, unfitting armour, cold-blooded
a: no special abilities


You were on level 2 of the Dungeon.
You visited 1 branch of the dungeon, and saw 2 of its levels.

You collected 75 gold pieces.

Inventory:

Hand Weapons
 a - a +0 shortbow (weapon)
Scrolls
 b - a scroll of immolation
 h - a scroll of amnesia {unknown}
 i - a scroll of identify {unknown}
 k - a scroll of torment {unknown}
Potions
 c - a potion of ambrosia {unknown}
 d - a potion of curing {unknown}
 e - a potion of invisibility {unknown}
 f - a potion of heal wounds {unknown}
 g - a potion of degeneration {unknown}
 j - a potion of might {unknown}


   Skills:
 - Level 2.1 Fighting
 + Level 4.4 Ranged Weapons
 - Level 1.7 Dodging
 - Level 0.8 Stealth


You had one spell level left.
You didn't know any spells.
Your spell library was empty.

Dungeon Overview and Level Annotations

Branches:
Dungeon (2/15)

Altars:

Annotations:
D:2 Jessica, Robin


Innate Abilities, Weirdness & Mutations

Your plain brown scales are hard. (AC +4)
You cannot fit into any form of body armour.
You are cold-blooded and may be slowed by cold attacks.


Message History

You hear a shout!
You hear an angry hiss.
You hear a shout!
The gnoll enters a dispersal trap!
The dart slug blinks!
Robin blinks!
You blink.
A gnoll comes into view. It is wielding a +0 whip.
The gnoll blinks!
Robin hits you with a +0 vampiric short sword.
Robin draws strength from your wounds!
Robin roars a battlecry!
The hobgoblin goes into a battle-frenzy!
You see here a +0 dagger.
The ball python enters a dispersal trap!
Robin blinks!
The gnoll blinks! x3; The hobgoblin blinks!
The ball python blinks!
The dart slug blinks!
The gnoll blinks!
Robin blinks! x2
The worm blinks!
You blink.
The ball python blinks!
The gnoll attacks as you move away! The gnoll hits you with a +0 flail.
The gnoll attacks as you move away! The gnoll barely misses you.
The gnoll enters a dispersal trap!
The ball python blinks!
The gnoll blinks! x2
The ball python blinks! x2; The hobgoblin blinks!
You blink.
Found a fizzy dark potion.
The gnoll blinks!
The ball python bites you but does no damage.
The ball python barely misses you.
The gnoll hits you from afar with a +0 spear.
You see here a +0 club.
The gnoll completely misses you.
The gnoll hits you from afar with a +0 spear!
The gnoll hits you with a +0 flail.
* * * LOW HITPOINT WARNING * * *
You see here a +0 dagger.
The hobgoblin barely misses you. The gnoll hits you but does no damage.
The ball python bites you but does no damage.
The ball python grabs you. The ball python constricts you.
You shoot an arrow. The kobold shouts!
The arrow hits the gnoll!
The gnoll is heavily wounded.
The hobgoblin barely misses you.
The gnoll hits you from afar with a +0 spear!
* * * LOW HITPOINT WARNING * * *
The gnoll hits you with a +0 flail!
You die...

#................
#................
#................
#....g..........
#...............
#.........w.K...
#.....g.........
##).^.g..)).###..
#....†g@Sg.......
###(#.#####......#.
#...#....?.......#
######.#########....#...
###..).§<# #......!.
.......### .........
.....).# ##......
.......# ....## ...)...#


You could see Robin, 3 gnolls, a dart slug, a hobgoblin (strong), a ball python
and a kobold.

Vanquished Creatures
  2 bats (D:1)
  An endoplasm (D:2)
  9 goblins (D:2)
  A hobgoblin (D:2)
  2 kobolds (D:1)
  3 quokkas
  A ball python (D:1)
  A rat (D:1)
20 creatures vanquished.

Notes
Turn   | Place    | Note
-------+----------+-------------------------------------------
     0 | D:1      | Mitcholas the Draconian Hunter began the quest for the Orb.
     0 | D:1      | Reached XP level 1. HP: 17/17 MP: 1/1
   163 | D:1      | Reached skill level 4 in Ranged Weapons
   391 | D:1      | Reached XP level 2. HP: 24/24 MP: 2/2
   545 | D:2      | Noticed Jessica
   650 | D:2      | Noticed Robin
   665 | D:2      | HP: 1/24 [gnoll/+0 spear (7)]
   665 | D:2      | Mangled by a gnoll

Illustrated notes

Levels and vault maps discovered:
D:1:      wander_arrival_lonely_grave, layout_loops_ring, supply_closet_lemuel
D:2:      layout_rooms, uniq_jessica, uniq_robin

Skill      XL: |  1 |
---------------+----+-----
Ranged Weapons | 4 |  4.4
Fighting       | |  2.1
Dodging        | |  1.7
Stealth        | |  0.8

Action                     || total
---------------------------++-------
   Fire: Shortbow          ||    43
 Armour: Skin              ||     8
  Dodge: Dodged            ||    12

Table legend: (Time is in decaauts)
 A = Elapsed time spent in this place.
 B = Non-inter-level travel time spent in this place.
 C = Inter-level travel time spent in this place.
 D = Time resting spent in this place.
 E = Time spent auto-exploring this place.
 F = Levels seen in this place.
 G = Mean time per level.
                   A        B        C        D        E       F      G
               +--------+--------+--------+--------+--------+-----+--------+
         Total |    677 |    615 |     62 |      0 |    486 |   2 |  338.5 |
       Dungeon |    677 |    615 |     62 |      0 |    486 |   2 |  338.5 |
               +--------+--------+--------+--------+--------+-----+--------+

Top non-repeatable levels by time:
     D:1: 578 daAuts
     D:2: 99 daAuts
